 Dungeon Crawl Stone Soup version 0.18-a0-816-g97f838e (webtiles) character file.

1153 xeno23 the Insei (level 8, 0/62 HPs)
             Began as a Human Monk on Dec 15, 2015.
             Was a Believer of Ru.
             Slain by an orc warrior
             ... wielding a +0 hand axe
              (16 damage)
             ... on level 7 of the Dungeon.
             The game lasted 00:21:54 (7529 turns).

xeno23 the Insei (Human Monk)                       Turns: 7529, Time: 00:21:54

Health: 0/62       AC:  3    Str: 19    XL:     8   Next: 65%
Magic:  10/10      EV: 13    Int: 11    God:    Ru [**....]
Gold:   260        SH:  0    Dex: 15    Spells: 0 memorised, 7 levels left

rFire  . . .     SeeInvis .       - Unarmed
rCold  . . .     Clarity  .     t - +0 ring mail
rNeg   . . .     SustAt   .     (no shield)
rPois  .         Gourm    .     (no helmet)
rElec  .         Spirit   .     j - +0 cloak
rCorr  .         Dismiss  .     (no gloves)
rMut   .         Stasis   .     (no boots)
MR     .....                    H - amulet of faith
Stlth  ++........               r - ring of invisibility
                                o - +5 ring of strength

@: not resistant to hostile enchantments, unstealthy
A: reduced AC 1, missing an eye
a: Renounce Religion, Evoke Invisibility


You were on level 7 of the Dungeon.
You worshipped Ru.
Ru was pleased with you.
You were hungry.

You visited 1 branch of the dungeon, and saw 7 of its levels.
You also visited: Sewer.

You collected 260 gold pieces.

Inventory:

Missiles
 C - 25 poisoned needles
Armour
 j - a +0 cloak (worn)
 t - a +0 ring mail (worn)
Jewellery
 o - a +5 ring of strength (left hand)
 r - a ring of invisibility (right hand)
 v - an uncursed ring of protection from magic
 w - a +4 ring of intelligence
 x - an uncursed amulet of resist corrosion
 G - an uncursed ring of wizardry
 H - an amulet of faith (around neck)
 I - an uncursed ring of fire
Wands
 y - a wand of draining (6)
 D - a wand of confusion (19)
 F - a wand of cold (6)
 J - a wand of digging (9)
Scrolls
 a - 2 scrolls of magic mapping {unknown}
 c - a scroll of fog
 g - a scroll of enchant armour {unknown}
 i - a scroll of amnesia {unknown}
 k - 2 scrolls of teleportation {unknown}
 l - 2 scrolls of noise
 m - 3 scrolls of identify {unknown}
 n - 3 scrolls of random uselessness
 B - 3 scrolls of remove curse
 O - a scroll of enchant weapon {unknown}
Potions
 d - a potion of haste {unknown}
 e - a potion of ambrosia {unknown}
 f - a potion of resistance {unknown}
 h - 5 potions of heal wounds
 p - a potion of might {unknown}
 q - 2 potions of agility {unknown}
 u - 6 potions of curing
 z - a potion of mutation {unknown}
 A - 4 potions of flight {unknown}
Books
 M - a book of Debilitation

   Spells                             Type                      Level
   a - Corona                         Hexes                        1
   b - Slow                           Hexes                        2
   c - Gell's Gravitas                Hexes/Translocation          3
   d - Inner Flame                    Hexes/Fire                   3
   e - Cause Fear                     Hexes                        4
   f - Leda's Liquefaction            Hexes/Earth                  4
Comestibles
 b - 7 bread rations
 s - a meat ration
 K - a beef jerky
 L - 3 fruits


   Skills:
 + Level 5.1 Fighting
 + Level 4.9 Dodging
 - Level 3.8 Stealth
 * Level 7.2 Unarmed Combat
 - Level 3.8 Evocations


You had 7 spell levels left.
You didn't know any spells.

Dungeon Overview and Level Annotations

Branches:
Dungeon (7/15)             Temple (0/1) D:6

Altars:
Pakellas
Ru
Xom
Zin
The Shining One


Innate Abilities, Weirdness & Mutations

You take slightly more damage. (-3 AC)
You are missing an eye, making it more difficult to aim.


Message History

The orc warrior hits you with a hand axe.
You take 4 damage.
You hit the orc warrior but do no damage.
The orc warrior is heavily wounded.
The orc warrior hits you with a hand axe!
You take 10 damage.
You barely miss the orc warrior.
The orc warrior is heavily wounded.
You closely miss the orc warrior.
The orc warrior is heavily wounded.
The orc warrior barely misses you.
You hit the orc warrior. You punch the orc warrior.
The orc warrior is severely wounded.
The orc warrior hits you with a hand axe.
* * * LOW HITPOINT WARNING * * *
You take 3 damage.
You hit the orc warrior.
The orc warrior is severely wounded.
The orc warrior hits you with a hand axe!
You die...

#########
####.......####
#..+........o@#
#.##.......####
#..'.......#
####.......#
#.......#
####'####
#o#######
#.##....# #.
#.##.##.# #.


You could see an orc warrior.

Vanquished Creatures
  Sigmund (D:3)
  A centaur (D:5)
  A big kobold (Sewer)
  A gnoll sergeant (D:6)
  A giant frog (D:6)
  A wyvern zombie (D:6)
  2 orc priests (D:6)
  5 orc wizards
  A hound (D:6)
  5 worker ants
  A hound zombie (D:5)
  6 gnolls (D:6)
  6 river rats
  4 adders
  2 shadow imps
  3 adder skeletons
  5 worms
  6 giant geckos
  10 orcs
  7 bats
  9 giant cockroaches
  8 hobgoblins
  8 jackals
  4 quokkas
  A ball python (D:3)
  A giant gecko skeleton (D:5)
  4 giant newts
  11 goblins
  11 kobolds
  11 rats
137 creatures vanquished.

Notes
Turn   | Place    | Note
--------------------------------------------------------------
     0 | D:1      | xeno23 the Human Monk began the quest for the Orb.
     0 | D:1      | Reached XP level 1. HP: 18/18 MP: 1/1
   271 | D:1      | Reached XP level 2. HP: 16/24 MP: 2/2
   939 | D:1      | Reached XP level 3. HP: 29/29 MP: 3/3
  1592 | D:3      | Noticed Sigmund
  1969 | D:2      | Reached XP level 4. HP: 33/35 MP: 4/4
  2184 | D:2      | Found an oddly glowing altar of Pakellas.
  2184 | D:2      | Found a glowing golden altar of the Shining One.
  2453 | D:3      | Reached skill level 5 in Unarmed Combat
  2630 | D:3      | Reached XP level 5. HP: 41/41 MP: 5/5
  3029 | D:3      | Killed Sigmund
  3029 | D:3      | Reached skill level 1 in Evocations
  3029 | D:3      | Reached XP level 6. HP: 18/48 MP: 5/7
  3562 | D:4      | Reached XP level 7. HP: 54/54 MP: 8/8
  3602 | D:4      | Reached skill level 6 in Unarmed Combat
  3830 | D:4      | Found a sacrificial altar of Ru.
  3853 | D:4      | Became a worshipper of Ru the Awakened
  3863 | D:4      | Gained mutation: You are missing an eye, making it more difficult to aim. [Ru sacrifice]
  4904 | D:5      | Entered Level 5 of the Dungeon
  5110 | D:5      | Found a shimmering altar of Xom.
  5110 | D:5      | Noticed an angel
  5114 | D:5      | Found a glowing silver altar of Zin.
  5816 | D:6      | Reached XP level 8. HP: 25/61 MP: 10/10
  6017 | D:6      | HP: 3/61 [orc priest/divine providence (13)]
  6308 | D:6      | Found a glowing drain.
  6312 | Sewer    | Entered a sewer
  6313 | Sewer    | Upgraded the game from 0.18-a0-801-gb01a236 to 0.18-a0-816-g97f838e
  6360 | Sewer    | Gained mutation: You take slightly more damage. (-3 AC) [Ru sacrifice]
  6360 | Sewer    | Reached * piety under Ru
  6360 | Sewer    | Reached ** piety under Ru
  6447 | Sewer    | Reached skill level 7 in Unarmed Combat
  6474 | Sewer    | Found a white marble altar of Elyvilon.
  6801 | D:6      | Found a staircase to the Ecumenical Temple.
  6891 | D:6      | Reached skill level 5 in Fighting
  6925 | D:6      | HP: 3/62 [gnoll/spear (9)]
  7529 | D:7      | Slain by an orc warrior

Vault maps used:
D:1:      dpeg_arrival_water_altar, item_on_display_a
D:2:      gammafunk_temple_overflow_wave, first_bread
D:3:      minmay_misc_feat_tiny, uniq_sigmund
D:4:      lemuel_upstairs_altar, nicolae_ru_sacrificial_ziggurat,
          minmay_misc_feat_encased, eino_tiny_chamber, minivault_24
D:5:      grunt_temple_overflow_order_and_chaos_1, kennysheep_boxes
D:6:      minmay_temple_entry_from_below_a, gup_sewer_entry_spiral
Sewer:    sewer_kobolds

Action                   |  1- 3 |  4- 6 |  7- 9 || total
-------------------------+-------+-------+-------++-------
Melee: Unarmed           |   143 |   129 |   435 ||   707
Invok: Sacrifice an Eye  |       |       |     1 ||     1
       Sacrifice Health  |       |       |     1 ||     1
 Abil: Evoke Invisibilit |       |     1 |       ||     1
Evoke: Wand              |       |       |     3 ||     3
  Use: Scroll            |       |       |     4 ||     4
       Potion            |       |       |     1 ||     1
 Stab: Sleeping          |     6 |     4 |     4 ||    14
       Invisible         |       |     2 |       ||     2
  Eat: Chunk             |     3 |     6 |    11 ||    20
       Pizza             |       |       |     1 ||     1
